 Dungeon Crawl Stone Soup version 0.20.1-1-g8b1a95d (webtiles) character file.

272 Gremour the Archer (level 6, -3/35 HPs)
             Began as a Tengu Hunter on Nov 5, 2017.
             Slain by an ogre
             ... wielding a +0 giant club
              (25 damage)
             ... on level 4 of the Dungeon.
             The game lasted 00:19:38 (3042 turns).

Gremour the Archer (Tengu Hunter)                   Turns: 3042, Time: 00:19:38

Health: -3/35      AC:  4    Str: 13    XL:     6   Next: 23%
Magic:  7/7        EV: 12    Int: 11    God:
Gold:   240        SH:  0    Dex: 16    Spells: 5/5 levels left

rFire    . . .     SeeInvis .   a - +1 shortbow
rCold    . . .     Gourm    .   (shield currently unavailable)
rNeg     . . .     Faith    .   c - +1 leather armour
rPois    .         Spirit   .   (helmet restricted)
rElec    .         Reflect  .   (no cloak)
rCorr    .         Harm     .   (no gloves)
MR       .....                  (boots unavailable)
Stlth    ++........             (no amulet)
Regen    0.2/turn               (no ring)
MPRegen  0.1/turn               (no ring)

@: no status effects
A: beak, talons 3, able to fly 1
a: Fly


You were on level 4 of the Dungeon.
You were not hungry.

You visited 1 branch of the dungeon, and saw 4 of its levels.

You collected 240 gold pieces.

Inventory:

Hand Weapons
 a - a +1 shortbow (weapon)
 b - a +1 short sword of venom
 s - a +2 hand axe of flaming
Missiles
 h - 6 arrows (quivered)
 r - 7 bolts
Armour
 c - a +1 leather armour (worn)
Jewellery
 d - an uncursed ring of fire
 e - a +5 ring of intelligence {unknown}
 m - an uncursed ring of teleportation
 u - a cursed ring of loudness {unknown}
Scrolls
 n - a scroll of teleportation
 t - a scroll of random uselessness {unknown}
Potions
 j - 2 potions of agility {unknown}
 k - a potion of ambrosia {unknown}
 l - a potion of brilliance {unknown}
 o - 3 potions of curing
 p - a potion of mutation {unknown}
 v - a potion of might {unknown}
Comestibles
 f - 4 bread rations
 g - 2 meat rations
 i - 2 royal jellies
 q - 10 fruits


   Skills:
 - Level 2.0 Fighting
 * Level 8.0 Bows
 - Level 2.1 Dodging
 - Level 1.0 Stealth


You had 5 spell levels left.
You didn't know any spells.

Dungeon Overview and Level Annotations

Branches:
Dungeon (4/15)
 Temple: D:4-7

Altars:
Fedhas
Hepliaklqana
Vehumet

Annotations:
D:4 Eustachio


Innate Abilities, Weirdness & Mutations

You have a beak for a mouth.
You have claws for feet.
You can fly.


Message History

Firing (i - inventory):
h - 9 arrows (quivered)
Press: ? - help, Shift-Dir - straight line, f/p - Eustachio
Aim: Eustachio, wielding a falchion and wearing a glowing leather armour (moderately wounded)
You shoot an arrow. The arrow completely misses Eustachio.
An ogre comes into view. It is wielding a giant club.
Firing (i - inventory):
h - 8 arrows (quivered)
Press: ? - help, Shift-Dir - straight line, f/p - Eustachio
Aim: Eustachio, wielding a falchion and wearing a glowing leather armour (moderately wounded)
You shoot an arrow. The arrow closely misses Eustachio.
The ogre hits you with a giant club!
Eustachio gestures wildly while chanting.
Eustachio blinks!
Firing (i - inventory):
h - 7 arrows (quivered)
Press: ? - help, Shift-Dir - straight line, f/p - Eustachio
Aim: Eustachio, wielding a falchion and wearing a glowing leather armour (moderately wounded)
You shoot an arrow.
The arrow hits the ogre but does no damage.
The ogre hits you with a giant club!!
Ouch! That really hurt!
You die...

...........
##...###### ###
........... ..#
###..###########.###(#
.................5(5.#
.###.##.... #.# .#
#.##.### #5# .###..#.#
#O# ........# #@#
#####..## #.#
........# #.#
#####...# #.# # ##..#
#.# # #...# #.# #
##..# #.# # .... #.# #
#...### #.#


You could see an ogre, a quasit and a white imp.

Vanquished Creatures
  An ogre (D:3)
  A crimson imp (D:3)
  A hound (D:4)
  6 adders
  2 worms
  A dart slug (D:3)
  A leopard gecko (D:1)
  An orc (D:3)
  4 bats
  3 giant cockroaches
  11 hobgoblins
  5 kobolds
  2 quokkas
  3 ball pythons
  5 frilled lizards
  6 goblins
  11 rats
64 creatures vanquished.

Notes
Turn   | Place    | Note
-------+----------+-------------------------------------------
     0 | D:1      | Gremour the Tengu Hunter began the quest for the Orb.
     0 | D:1      | Reached XP level 1. HP: 12/12 MP: 2/2
   154 | D:1      | Reached XP level 2. HP: 4/17 MP: 3/3
   179 | D:1      | Reached skill level 5 in Bows
   885 | D:1      | Reached XP level 3. HP: 21/21 MP: 4/4
  1253 | D:2      | Found a radiant altar of Vehumet.
  1547 | D:3      | Reached skill level 6 in Bows
  1547 | D:3      | Reached XP level 4. HP: 20/26 MP: 5/5
  1745 | D:3      | Gained mutation: You can fly. [Tengu growth]
  1745 | D:3      | Reached XP level 5. HP: 30/30 MP: 6/6
  2031 | D:3      | Noticed an ogre
  2041 | D:3      | Killed an ogre
  2041 | D:3      | Reached skill level 7 in Bows
  2188 | D:3      | Found a blossoming altar of Fedhas.
  2252 | D:3      | Reached XP level 6. HP: 35/35 MP: 7/7
  2267 | D:3      | Found a hazy altar of Hepliaklqana.
  2980 | D:4      | Reached skill level 8 in Bows
  3033 | D:4      | Noticed Eustachio
  3042 | D:4      | Slain by an ogre

Skill      XL: |  1  2  3  4  5  6 |
---------------+-------------------+-----
Bows           | 5 6 7 8 |  8.0
Fighting       | |  2.0
Dodging        | |  2.1
Stealth        | |  1.0

Action                   |  1- 3 |  4- 6 || total
-------------------------+-------+-------++-------
Melee: Short sword       |    17 |     4 ||    21
       Peck              |     3 |       ||     3
       Kick              |     3 |       ||     3
 Fire: Shortbow          |   118 |    87 ||   205
  Use: Scroll            |     3 |       ||     3
       Potion            |       |     1 ||     1
  Eat: Chunk             |     2 |     4 ||     6
Armor: Leather armour    |    20 |     9 ||    29
Dodge: Dodged            |    45 |    31 ||    76
